Map: Blueshift LE

Players

PipeyG - Winner!

  • Race: Terran Terran
  • League: Silver
  • Spawn Location: 1:00

kakef

  • Race: Terran Terran
  • League: Silver
  • Spawn Location: 7:00

VOD

Have the link to the VOD?

Description

Terran vs Terran epic disaster. Enjoy

Time

  • Played on: Sept. 21, 2018, 7:43 p.m.
  • Length: 23:37
Show
View Real Time Build Order
Export as new Build Order

PipeyG Terran - Winner!

Build Orders: Reaper Expand 

Get SALT Encoding   

  12  0:01  SCV  
  13  0:13  SCV  
  14  0:18  Supply Depot  
  14  0:26  SCV  
  15  0:28  Refinery  
  15  0:39  SCV  
  16  0:46  Barracks  
  16  0:53  SCV  
  17  1:05  SCV  
  18  1:17  SCV  
  19  1:33  Orbital Command  
  19  1:35  Reaper  
  20  1:49  Command Center  
  20  2:19  SCV  
  21  2:23  Barracks Reactor  
  19  2:48  Barracks x2  
  19  2:52  Supply Depot  
  19  2:55  Bunker  
  19  3:06  Marine x2  
  21  3:17  Refinery  
  19  3:47  Bunker, Marine x2  
  21  3:49  Barracks Reactor  
  21  3:50  Barracks Reactor  
  21  3:55  SCV, Factory  
  20  4:08  SCV  
  18  4:18  Marine x2  
  18  4:20  SCV  
  20  4:39  Marine x2  
  20  4:40  Marine x2  
  20  4:42  Factory Tech Lab  
  24  4:53  Starport  
  24  4:54  Marine x2  
  26  5:08  Bunker  
  26  5:18  SCV  
  26  5:20  Marine x3  
  26  5:21  Marine  
  31  5:31  Supply Depot  
  31  5:33  Supply Depot x2  
  31  5:41  Starport Reactor  
  31  5:52  Marine x2  
  31  5:53  Siege Tank, SCV  
  37  6:10  SCV  
  38  6:15  Bunker, Marine x2  
  38  6:17  Marine x2  
  42  6:25  Siege Tank  
  45  6:42  Medivac x2  
  49  7:16  Marine  
  49  7:17  Marine x5  
  55  7:25  Supply Depot x2  
  55  7:47  Siege Tank, Medivac  
  60  7:54  Marine x2, Command Center  
  60  7:55  Marine x3  
  65  7:59  Marine  
  66  8:35  Marine x2  
  66  8:36  Marine x3  
  71  9:00  Barracks x2  
  71  9:06  Marine x4  
  75  9:14  Supply Depot  
  75  9:15  Supply Depot  
  75  9:16  Supply Depot, SCV  
  76  9:29  Orbital Command  
  76  9:42  Refinery  
  76  9:45  Refinery  
  76  9:47  SCV  
  77  9:56  Barracks Tech Lab  
  77  9:57  Barracks Reactor  
  77  10:05  SCV x2  
  79  10:17  SCV  
  79  10:18  Stimpack  
  80  10:25  Engineering Bay  
  65  12:26  Missile Turret  
  65  12:27  Missile Turret  
  65  12:28  Missile Turret  
  65  12:29  Missile Turret  
  64  12:32  Missile Turret  
  64  12:33  Missile Turret  
  64  12:36  Missile Turret x2  
  64  12:37  Missile Turret x2  
  63  13:25  Marine x2  
  63  13:26  Marine x7  
  72  13:28  Siege Tank  
  75  13:43  Marine x3  
  75  13:44  Marine x2  
  75  13:48  Barracks  
  80  13:49  Barracks  
  80  13:53  SCV  
  80  13:54  SCV  
  82  14:00  Siege Tank, Combat Shield  
  85  14:05  SCV  
  85  14:06  Terran Infantry Weapons Level 1, SCV  
  87  14:32  Siege Tank  
  90  15:04  Siege Tank  
  68  15:18  Marine x4  
  68  15:19  Marine x5  
  56  15:36  Siege Tank, Marine x5  
  56  15:37  Marine x4  
  66  15:54  Marine x6  
  66  15:55  Marine x3  
  75  16:11  Marine  
  76  16:21  Orbital Command  
  75  16:41  Marine x3  
  75  16:42  Orbital Command, Marine x3  
  81  17:37  Refinery x2  
  81  17:44  SCV x2  
  81  17:46  Refinery  
  81  17:50  Refinery  
  83  17:56  SCV x2  
  85  18:03  Marine x2  
  85  18:04  Marine x4  
  85  18:05  Marine x2  
  92  18:06  Marine  
  92  18:08  Siege Tank, SCV  
  92  18:09  SCV  
  99  18:21  Marine x3  
  99  18:22  Marine x2  
  104  18:30  Marine x3  
  104  18:31  Marine  
  108  18:35  SCV x2  
  108  18:39  Marine  
  108  18:40  Siege Tank  
  114  18:41  Marine x4  
  118  18:54  Barracks Reactor  
  118  18:55  Barracks Reactor  
  118  19:20  Supply Depot  
  118  19:22  Supply Depot  
  118  19:23  Supply Depot x2  
  118  19:25  Supply Depot  
  118  19:27  Supply Depot x2  
  118  19:29  Supply Depot  
  118  19:30  Supply Depot  
  118  19:31  Supply Depot  
  118  19:32  Supply Depot  
  118  19:33  Supply Depot  
  118  19:36  Supply Depot x2  
  118  19:39  Marine  
  118  19:40  SCV  
  118  19:41  Marine x7  
  118  19:42  SCV, Marine x2  
  118  19:43  Marine x3  
  118  19:44  Siege Tank  
  130  19:54  SCV  
  130  19:57  Marine  
  130  19:59  Marine x4  
  136  20:00  Marine  
  136  20:01  Marine  
  135  20:29  Marine x2  
  135  20:30  Marine x5  
  142  20:52  Sensor Tower  
  142  21:04  Missile Turret  
  142  21:07  Sensor Tower  
  142  21:12  Missile Turret  
  138  21:45  Marine x7  
  138  21:46  Marine x6  
  151  22:02  Marine x2  
  153  22:08  Starport  
  153  22:18  Starport  
Show
View Real Time Build Order
Export as new Build Order

kakef Terran 

Build Orders:  

Get SALT Encoding   

  12  0:03  SCV  
  13  0:17  Supply Depot  
  13  0:21  SCV  
  14  0:33  SCV  
  15  0:46  Barracks  
  15  0:55  Barracks  
  15  1:01  SCV  
  16  1:17  Barracks  
  16  1:18  Barracks  
  16  1:29  SCV  
  17  1:37  Supply Depot  
  17  1:41  SCV  
  18  1:53  SCV  
  19  2:05  SCV  
  19  2:07  Marine  
  19  2:08  Marine  
  22  2:18  Bunker  
  21  2:25  Marine  
  21  2:26  Marine  
  23  2:43  Marine x2  
  25  2:48  Bunker  
  25  2:52  SCV  
  25  2:57  Refinery  
  26  3:00  Marine  
  26  3:01  Marine  
  26  3:02  Refinery  
  26  3:04  SCV  
  29  3:25  Bunker  
  29  3:32  Marine x2  
  31  4:31  Engineering Bay  
  31  4:33  Marine  
  31  4:37  Marine  
  31  4:39  Command Center  
  31  4:49  Supply Depot  
  31  4:53  Supply Depot x2  
  33  5:18  Supply Depot  
  31  5:39  Missile Turret  
  31  5:44  SCV  
  32  5:56  SCV  
  33  6:00  Command Center  
  33  6:01  Missile Turret  
  33  6:08  SCV  
  34  6:20  SCV  
  34  6:23  Missile Turret  
  35  6:32  SCV  
  36  6:53  SCV  
  37  7:05  SCV  
  38  7:15  Orbital Command  
  38  7:17  SCV  
  38  7:18  Factory  
  39  7:24  Command Center  
  39  7:29  SCV  
  36  7:39  Missile Turret  
  36  7:40  Missile Turret  
  36  7:41  SCV  
  36  7:42  Missile Turret  
  37  7:49  Planetary Fortress  
  37  7:59  Missile Turret  
  37  8:02  Missile Turret x2  
  37  8:04  Missile Turret  
  37  8:17  Factory Tech Lab  
  37  8:20  Missile Turret  
  37  8:25  Starport  
  37  8:29  Barracks Tech Lab  
  37  8:30  Barracks Reactor  
  36  8:43  Missile Turret, SCV  
  37  8:50  Barracks Tech Lab  
  37  8:52  Concussive Shells  
  37  8:55  Siege Tank, SCV  
  41  9:03  Starport  
  41  9:12  Missile Turret x2  
  41  9:13  Starport Tech Lab  
  41  9:14  Missile Turret  
  41  9:17  Missile Turret  
  41  9:24  Starport  
  41  9:26  Starport  
  41  9:30  Planetary Fortress  
  41  9:36  Refinery  
  41  9:37  Refinery  
  41  9:44  Refinery  
  83  9:45  Structure Armor  
  41  9:46  Refinery  
  41  9:50  Starport Tech Lab  
  41  9:56  Cloaking Field  
  41  10:05  Banshee  
  44  10:10  Starport Reactor  
  44  10:17  Starport Tech Lab  
  44  10:22  Banshee  
  47  10:41  SCV  
  48  10:53  SCV  
  48  11:05  SCV  
  49  11:25  Banshee  
  49  11:26  Missile Turret  
  49  11:29  Banshee  
  55  11:42  Widow Mine  
  57  11:48  Missile Turret  
  57  12:02  SCV  
  57  12:03  Widow Mine  
  60  12:09  Missile Turret  
  60  12:14  SCV  
  61  12:26  SCV  
  62  12:30  Missile Turret  
  62  12:38  SCV  
  63  12:45  Siege Tank  
  63  12:50  Missile Turret, SCV  
  64  13:17  Siege Tank  
  64  13:22  Hyperflight Rotors  
  64  13:25  Banshee x2  
  70  13:30  SCV  
  71  13:42  SCV  
  71  13:46  Command Center  
  72  13:48  Raven  
  72  13:54  SCV  
  75  14:01  Armory  
  75  14:06  SCV, Viking  
  75  14:07  Raven, Viking  
  75  14:08  Raven  
  84  14:18  SCV  
  85  14:29  SCV  
  86  14:36  Viking  
  88  14:41  SCV  
  83  14:51  Armory  
  83  14:53  SCV  
  84  15:05  SCV  
  60  15:49  Planetary Fortress  
  60  15:56  Missile Turret  
  60  16:00  SCV  
  61  16:12  SCV  
  61  16:15  Banshee  
  61  16:16  Banshee x2  
  61  16:17  Missile Turret  
  71  16:18  Command Center  
  71  16:24  SCV  
  72  16:36  SCV  
  72  16:37  Missile Turret  
  68  16:48  SCV  
  69  16:57  Missile Turret  
  69  16:58  Raven  
  69  16:59  Raven x2  
  75  17:16  Command Center  
  75  17:37  Terran Vehicle And Ship Armor Level 1  
  75  17:39  Terran Ship Weapons Level 1  
  75  17:40  Corvid Reactor  
  75  17:45  SCV  
  76  17:57  SCV  
  77  18:01  SCV  
  78  18:09  SCV  
  79  18:13  SCV  
  79  18:18  Hi-Sec Auto Tracking  
  80  18:21  SCV  
  80  18:25  SCV  
  82  18:33  SCV  
  83  18:48  Bunker  
  83  18:59  Refinery  
  83  19:01  Missile Turret x3  
  83  19:02  Missile Turret  
  83  19:03  Planetary Fortress  
  83  19:05  Missile Turret  
  83  19:19  Bunker  
  83  19:24  Missile Turret  
  83  19:26  Banshee x2  
  83  19:27  Banshee  
  89  19:51  Refinery  
  86  20:42  Terran Ship Weapons Level 2, Terran Vehicle And Ship Armor Level 2  
  86  20:45  Widow Mine  
  88  20:52  SCV  
  89  21:04  SCV  
  89  21:07  Widow Mine  
  89  21:10  SCV  
  93  21:16  SCV  
  94  21:22  SCV  
  95  21:28  Widow Mine, SCV  
  88  21:41  SCV  
  87  22:09  Banshee x2  
  93  22:19  Banshee  
  92  22:52  Banshee x2  
Tags
 
Matchup
TvT
Race
Terran
Spawn Locations
Cross Positions
Add a new tag
Caveats
  • Supply blocks, unpowered buildings, or Contaminate may cause inaccurate times.
  • Supply counts are checked every 10 seconds.